Match 46991475
Unlisted

Match 46991475
End
Panzergrenadier Squad
Panzergrenadier Squad
Panzergrenadier Squad
Construct Light Support Kompanie
2.5-tonne Medical Truck
Fire Support Elements
Flakvierling Half-track
Selects Armored Support Battlegroup
Selects Salvage Kits
Pak 38 Mechanized Group
2.5-tonne Medical Truck
Veteran Squad Leaders
Panzerpioneer Squad
Selects Panzer Storm
Selects Stuka Anti-tank Loiter
Construct Panzerarmee Kommand
Armored Reserves
Pak 38 Mechanized Group
Panzergrenadier Squad
Panzergrenadier Squad
Emergency Repair Kits
Tiger Heavy Tank
Vehicle Survival Package
Stuka Anti-tank Loiter
TheSphinx
Morsezeichen
̶H̶e̶c̶t̶o̶r̶
asfgdfgs
Jm200092
drChengele
BossManShaw
Herald of Salt
0
0

Comments sign in to comment!

No comments posted yet!